 Dungeon Crawl Stone Soup version 0.27.1-33-g824d729ab1 (webtiles) character file.

Game seed: 9861475420957316305

121 Gabide the Poker (level 5, 0/41 HPs)
             Began as a Human Monk on Dec 28, 2021.
             Slain by a black bear (4 damage)
             ... on level 3 of the Dungeon.
             The game lasted 00:02:33 (3141 turns).

Gabide the Poker (Human Monk)                       Turns: 3141, Time: 00:02:34

Health: 0/41       AC:  2    Str: 12    XL:     5   Next: 26%
Magic:  5/5        EV: 13    Int: 11    God:
Gold:   237        SH:  0    Dex: 15    Spells: 4/4 levels left

rFire    . . .     SeeInvis .   a - +0 spear
rCold    . . .     Faith    .   (no shield)
rNeg     . . .     Spirit   .   b - +0 robe
rPois    .         Reflect  .   (no helmet)
rElec    .         Harm     +   e - scarf {harm}
rCorr    .         Rampage  .   (no gloves)
Will     .....                  (no boots)
Stlth    ++........             (no amulet)
HPRegen  0.13/turn              (no ring)
MPRegen  0.09/turn              (no ring)

@: no status effects
A: no striking features
a: no special abilities


You were on level 3 of the Dungeon.
You visited 1 branch of the dungeon, and saw 5 of its levels.

You collected 237 gold pieces.

Inventory:

Hand Weapons
 a - a +0 spear (weapon)
Armour
 b - a +0 robe (worn)
 e - a scarf of harm (worn)
Scrolls
 g - a scroll of vulnerability {unknown}
Potions
 f - a potion of degeneration
 h - a potion of cancellation {unknown}


   Skills:
 + Level 3.5 Fighting
 + Level 4.4 Polearms
 + Level 3.7 Dodging
 + Level 2.5 Stealth


You had 4 spell levels left.
You didn't know any spells.
Your spell library contained the following spells:

 Spells                   Type           Power      Damage    Failure   Level
 Sublimation of Blood     Necr           0%         N/A       47%         2
 Wereblood                Tmut           0%         N/A       47%         2
 Summon Hydra             Summ           0%         N/A       100%        7


Dungeon Overview and Level Annotations

Branches:
Dungeon (5/15)
 Temple: D:4-7

Altars:


Message History

You hit the black bear.
The black bear is lightly wounded.
A centaur skeleton comes into view.
You barely miss the black bear.
The black bear is lightly wounded.
The kobold throws a poisoned dart.
The poisoned dart misses you. The black bear bites you.
The black bear claws you. The black bear barely misses you.
You closely miss the black bear.
The black bear is lightly wounded.
The black bear closely misses you. The black bear completely misses you.
The black bear claws you.
You hit the black bear.
The black bear is lightly wounded.
The kobold hits you with a +0 whip. The black bear bites you!
The black bear claws you.
* * * LOW HITPOINT WARNING * * *
The black bear closely misses you.
You are too injured to fight recklessly!
Unknown command.
Okay, then.
As you read the scroll of identify, it crumbles to dust.
f - a potion of degeneration The kobold misses you.
Blink to where?
Press: ? - help, Dir - move target
As you read the scroll labelled WEOREE PIKHEU, it crumbles to dust.
It was a scroll of blinking.
The centaur skeleton closely misses you.
The centaur skeleton barely misses you.
There is a stone staircase leading up here.
The black bear bites you but does no damage.
The black bear claws you.
* * * LOW HITPOINT WARNING * * *
The black bear claws you.
* * * LOW HITPOINT WARNING * * *
You climb upwards.
There is a stone staircase leading down here.
The black bear bites you.
You die...

#.# #.#
..# #.#
#.# #.#
#.#
#@#######
#>h......
#........
...######
##.## #.#
... #.#
#.#


You could see a black bear.

Vanquished Creatures
  An iguana (D:4)
  3 adders (D:2)
  A worm (D:2)
  2 dart slugs (D:2)
  8 ball pythons
  9 endoplasms
  2 giant cockroaches (D:2)
  6 goblins
  4 hobgoblins
  6 jackals
  3 quokkas
  5 bats
  3 frilled lizards
  2 kobolds
  3 rats
58 creatures vanquished.

Notes
Turn   | Place    | Note
-------+----------+-------------------------------------------
     0 | D:1      | Gabide the Human Monk began the quest for the Orb.
     0 | D:1      | Reached XP level 1. HP: 18/18 MP: 1/1
   260 | D:1      | Reached XP level 2. HP: 19/24 MP: 2/2
   976 | D:1      | Reached XP level 3. HP: 27/29 MP: 3/3
  1431 | D:2      | Reached XP level 4. HP: 5/35 MP: 4/4
  1434 | D:2      | HP: 1/35 [poisoned by an adder]
  2301 | D:2      | Found a faded altar of an unknown god.
  2508 | D:2      | Reached skill level 4 in Polearms
  2863 | D:3      | You fall into a shaft and drop 2 floors!
  2863 | D:5      | Entered Level 5 of the Dungeon
  2941 | D:4      | Reached XP level 5. HP: 38/41 MP: 5/5
  3126 | D:4      | Noticed a black bear
  3126 | D:4      | Noticed an ogre
  3141 | D:3      | Slain by a black bear

Illustrated notes

Levels and vault maps discovered:
D:1:      dpeg_arrival_stone_temple_mockup, layout_basic
D:2:      layout_basic, chequers_ecumenical_altar_simple_redux
D:3:      layout_loops_ring, kennysheep_generic_room_8
D:4:      layout_loops_ring, nicolae_qazlal_eye_of_the_storm
D:5:      layout_rooms, old_standard_altar, kiku_gazebo_pond_becter,
          nicolae_vehumet_radiance, serial_shops, shop

Skill      XL: |  1  2  3  4 |
---------------+-------------+-----
Polearms       | 4 |  4.4
Fighting       | |  3.5
Dodging        | |  3.7
Stealth        | |  2.5

Action                   |  1- 3 |  4- 6 || total
-------------------------+-------+-------++-------
Melee: Spear             |   125 |   116 ||   241
Throw: Throwing net      |       |     1 ||     1
  Use: Potion            |       |     3 ||     3
       Scroll            |       |     3 ||     3
 Stab: Sleeping          |     8 |     3 ||    11
       Held in net/web   |       |     1 ||     1
       Distracted        |       |     1 ||     1
Armor: Robe              |    19 |    13 ||    32
Dodge: Dodged            |    68 |    64 ||   132
